 Dungeon Crawl Stone Soup version 0.25.1-2-g60ff931df9 (webtiles) character file.

Game seed: 13244369771086061862

228 Descartes the Conjurer (level 5, -12/24 HPs)
             Began as a Spriggan Wizard on July 29, 2020.
             Mangled by a wyvern skeleton (13 damage)
             ... on level 7 of the Dungeon.
             The game lasted 00:10:25 (5378 turns).

Descartes the Conjurer (Spriggan Wizard)            Turns: 5378, Time: 00:10:26

Health: -12/24     AC:  2    Str:  3    XL:     5   Next: 71%
Magic:  10/12      EV: 18    Int: 20    God:
Gold:   163        SH:  0    Dex: 15    Spells: 11/12 levels left

rFire    . . .     SeeInvis +   t - +1 dagger
rCold    . . .     Gourm    .   (shield restricted)
rNeg     . . .     Faith    .   a - +0 robe
rPois    .         Spirit   .   v - +0 hat
rElec    .         Reflect  .   (no cloak)
rCorr    .         Harm     .   (gloves unavailable)
MR       .....                  (boots unavailable)
Stlth    ++........             (no amulet)
HPRegen  0.08/turn              (no ring)
MPRegen  0.13/turn              (no ring)

@: lethally poisoned (-12 -> -17), about to teleport, very quick
A: very small, unfitting armour, see invisible, herbivore, speed 3, slow
metabolism 2
a: no special abilities


You were on level 7 of the Dungeon.
You were near starving.

You visited 1 branch of the dungeon, and saw 5 of its levels.

You collected 163 gold pieces.

Inventory:

Hand Weapons
 t - a +1 dagger (weapon)
Missiles
 e - 33 arrows
 f - 126 stones (quivered)
 g - 14 bolts
 u - 5 boomerangs
Armour
 a - a +0 robe (worn)
 b - a +0 hat
 v - a +0 hat (worn)
Jewellery
 w - a cursed ring of attention {unknown}
Wands
 x - a wand of random effects (25)
Scrolls
 c - 2 scrolls of enchant weapon
 h - a scroll of immolation {unknown}
 i - 2 scrolls of remove curse
 m - a scroll of teleportation
 p - a scroll of enchant armour {unknown}
 r - a scroll of random uselessness {unknown}
 s - a scroll of magic mapping {unknown}
Potions
 j - 2 potions of curing {unknown}
 k - a potion of might {unknown}
 l - a potion of degeneration {unknown}
 n - a potion of heal wounds
 o - a potion of flight {unknown}
 q - 3 potions of haste {unknown}
Comestibles
 d - 6 rations


   Skills:
 - Level 3.0 Dodging
 - Level 3.0 Stealth
 - Level 4.0 Spellcasting
 + Level 4.3 Conjurations
   Level 0.7 Summonings
   Level 1.5 Translocations


You had 11 spell levels left.
You knew the following spells:

 Your Spells              Type           Power        Failure   Level  Hunger
a - Magic Dart            Conj           ###.         2%          1    None

Your spell library contained the following spells:

 Spells                   Type           Power        Failure   Level  Hunger
 Blink                    Tloc           N/A          11%         2    #......
 Call Imp                 Summ           #.......     14%         2    #......
 Conjure Flame            Conj/Fire      ##......     16%         3    ###....
 Slow                     Hex            #.......     19%         2    #......
 Mephitic Cloud           Conj/Pois/Air  #.......     22%         3    ###....


Dungeon Overview and Level Annotations

Branches:
Dungeon (4/15)
 Temple: D:4-7

Altars:
Xom

Annotations:
D:2 Grinder


Innate Abilities, Weirdness & Mutations

You are very small and have problems with some larger weapons.
You are too small for most types of armour.
You have supernaturally acute eyesight. (SInv)
You are a herbivore.
You cover ground extremely quickly.
You need to consume almost no food.


Message History

Confirm with . or Enter, or press ? or * to list all spells.
Aiming: Magic Dart (safe; 2% risk of failure)
Press: ? - help, Shift-Dir - straight line, f/p - wyvern skeleton
Aim: a wyvern skeleton (lightly damaged)
The magic dart hits the wyvern skeleton.
The wyvern skeleton is moderately damaged.
You feel sick. The scorpion misses you. The wyvern skeleton closely misses you.
Casting: Magic Dart (safe; 2% risk of failure)
Confirm with . or Enter, or press ? or * to list all spells.
Aiming: Magic Dart (safe; 2% risk of failure)
Press: ? - help, Shift-Dir - straight line, f/p - wyvern skeleton
Aim: a wyvern skeleton (moderately damaged)
The magic dart hits the wyvern skeleton.
The wyvern skeleton is moderately damaged.
You feel sick. The wyvern skeleton bites you!
Ouch! That really hurt!
* * * LOW HITPOINT WARNING * * *
The scorpion barely misses you. The wyvern skeleton bites you!
Ouch! That really hurt!
You die...

###
...#########
####.#.......#
#..$......#
...##.#.##.# #
#.# #.#
#Z#####.##
#.@s..!...
#######.##


You could see a scorpion and a wyvern skeleton.

Vanquished Creatures
  An orc wizard (D:3)
  A hound skeleton (D:4)
  A howler monkey zombie (D:2)
  3 gnolls (D:3)
  5 adders
  An adder skeleton (D:2)
  A worm (D:3)
  3 dart slugs
  2 leopard geckos (D:1)
  13 orcs (D:3)
  9 bats
  2 giant cockroaches
  5 hobgoblins
  2 jackals (D:1)
  9 kobolds
  4 quokkas
  4 frilled lizards
  5 goblins
  2 jackal zombies (D:2)
  A quokka skeleton (D:2)
  10 rats
84 creatures vanquished.

Notes
Turn   | Place    | Note
-------+----------+-------------------------------------------
     0 | D:1      | Descartes the Spriggan Wizard began the quest for the Orb.
     0 | D:1      | Reached XP level 1. HP: 9/9 MP: 6/6
   189 | D:1      | Reached skill level 1 in Conjurations
   438 | D:1      | Reached XP level 2. HP: 13/13 MP: 5/8
  1390 | D:2      | Reached XP level 3. HP: 9/16 MP: 4/9
  2332 | D:2      | Reached XP level 4. HP: 21/21 MP: 6/11
  2441 | D:2      | Found a shimmering altar of Xom.
  2990 | D:3      | Noticed Grinder
  3587 | D:3      | Reached XP level 5. HP: 24/24 MP: 5/12
  3703 | D:3      | Paralysed by Grinder for 5 turns
  4073 | D:2      | Paralysed by Grinder for 3 turns
  5359 | D:4      | You fall into a shaft and drop 3 floors!
  5378 | D:7      | HP: 1/24 [wyvern skeleton (16)]
  5378 | D:7      | Mangled by a wyvern skeleton

Illustrated notes

Levels and vault maps discovered:
D:1:      saegor_arrival_simple_e, layout_basic
D:2:      layout_rooms, serial_undead, serial_undead_d, serial_undead_f,
          serial_undead_d, serial_undead_b, serial_undead_a, serial_undead_e,
          xom_teletrap_fun
D:3:      layout_loops_ring, first_ration, kennysheep_generic_room_2,
          uniq_grinder
D:4:      layout_basic, serial_rivers, chequers_serial_rivers_micro_d,
          chequers_serial_rivers_micro_c, chequers_serial_rivers_micro_d,
          chequers_serial_rivers_micro_d, chequers_serial_rivers_micro_c
D:7:      layout_loops_cross, the_bakery, chequers_serial_rivers_room_b

Skill      XL: |  1  2  3  4  5 |
---------------+----------------+-----
Conjurations   | 1 2 3 4 |  4.3
Dodging        | |  3.0
Stealth        | |  3.0
Spellcasting   | |  4.0
Summonings     | |  0.7
Translocations | |  1.5

Action                   |  1- 3 |  4- 6 || total
-------------------------+-------+-------++-------
Melee: Dagger            |       |     7 ||     7
 Cast: Magic Dart        |   116 |   175 ||   291
Evoke: Wand              |       |     1 ||     1
  Use: Scroll            |       |     3 ||     3
       Potion            |       |     3 ||     3
Armor: Robe              |     3 |     1 ||     4
Dodge: Dodged            |    22 |    34 ||    56
